 Dungeon Crawl Stone Soup version 0.30.1-11-g7821555f0a (webtiles) character file.

Game seed: 17365606203530229180

664 Nonny the Spear-Bearer (level 7, -7/58 HPs)
             Began as a Merfolk Cinder Acolyte on Nov 2, 2023.
             Was a High Priest of Ignis.
             Mangled by an iguana (12 damage)
             ... on level 5 of the Dungeon.
             The game lasted 00:13:07 (4549 turns).

Nonny the Spear-Bearer (Merfolk Cinder Acolyte)     Turns: 4549, Time: 00:13:08

Health: -7/58      AC:  5    Str: 16    XL:     7   Next: 57%
Magic:  8/8        EV: 11    Int: 13    God:    Ignis [*****.]
Gold:   221        SH:  3    Dex: 10    Spells: 6/8 levels left

rFire   + . .        a - +0 spear (heavy)
rCold   . . .        r - +0 buckler
rNeg    . . .        l - +0 ring mail
rPois   .            (no helmet)
rElec   .            (no cloak)
rCorr   +            (no gloves)
SInv    .            (no boots)
Will    .....        (no amulet) Stlth
                     i - ring of resist corrosion
HPRegen 0.29/turn    (no ring)
MPRegen 0.11/turn

%: no passive effects
@: no status effects
A: (nimble swimmer 2), mertail
a: Renounce Religion, Fiery Armour, Foxfire Swarm, Rising Flame


You were on level 5 of the Dungeon.
You worshipped Ignis.
Ignis was extremely pleased with you.
You visited 2 branches of the dungeon, and saw 6 of its levels.

You collected 221 gold pieces.

Inventory:

Hand Weapons
 a - a +0 heavy spear (weapon)
Armour
 l - a +0 ring mail (worn)
 r - a +0 buckler (worn)
 v - a +0 pair of gloves
Jewellery
 i - a ring of resist corrosion (left hand)
Wands
 u - a wand of roots (11)
Scrolls
 d - a scroll of amnesia
 f - a scroll of teleportation
 h - a scroll of fog
 j - 2 scrolls of magic mapping
 o - 2 scrolls of enchant weapon
 w - a scroll of noise
Potions
 k - 2 potions of brilliance
 p - a potion of cancellation {unknown}
 s - a potion of invisibility {unknown}
 t - a potion of might {unknown}


   Skills:
 + Level 6.0 Fighting
 + Level 8.2 Polearms
 + Level 3.5 Dodging
 + Level 1.7 Shields
 - Level 1.0 Spellcasting
 - Level 2.1 Fire Magic


You had 6 spell levels left.
You knew the following spells:

 Your Spells              Type           Power      Damage    Failure   Level
a - Scorch                Fire           12%        2d6       41%         2

Your spell library contained the following spells:

 Spells                   Type           Power      Damage    Failure   Level


Dungeon Overview and Level Annotations

Branches:
Dungeon (5/15)             Temple (1/1) D:4

Altars:
Ashenzari
Dithmenos
Fedhas
Gozag
Nemelex Xobeh
Okawaru
Qazlal
Ru
Sif Muna
Trog
Vehumet
Wu Jian
Xom
Yredelemnul
Zin
The Shining One

Shops:
D:4 :


Innate Abilities, Weirdness & Mutations

((You are very nimble when in or above water. (Stealth+, EV+, Speed+++)))
Your lower body shifts to a powerful aquatic tail in water.


Message History

The iguana barely misses you.
You puncture the iguana!
The iguana is heavily wounded.
The orc hits you with a +0 mace. The iguana barely misses you.
You barely miss the iguana.
The iguana is heavily wounded.
The orc closely misses you. The iguana closely misses you.
The orc barely misses you. The iguana bites you.
You barely miss the iguana.
The iguana is heavily wounded.
The orc hits you with a +0 mace. The iguana bites you!
You are too injured to fight recklessly!
You are too injured to fight recklessly!
You are too injured to fight recklessly!
The iguana attacks as you move away! The iguana closely misses you.
The orc attacks as you move away! The orc hits you with a +0 mace.
The iguana attacks as you move away! The iguana closely misses you.
You puncture the orc!
You kill the orc!
You hit the iguana but do no damage.
The iguana is heavily wounded.
The iguana misses you.
You hit the iguana but do no damage.
The iguana is heavily wounded.
The iguana closely misses you.
You hit the iguana but do no damage.
The iguana is heavily wounded.
The iguana bites you!
* * * LOW HITPOINT WARNING * * *
You hit the iguana.
The iguana is severely wounded.
The iguana bites you!
* * * LOW HITPOINT WARNING * * *
Unknown command.
Okay, then.
As you read the scroll labelled UVYIGA ECVEC, it crumbles to dust.
Your body is wracked with pain!
* * * LOW HITPOINT WARNING * * *
The iguana convulses!
It was a scroll of torment.
The iguana bites you!
You die...

## ###########
.###
#######.........$
...##
#................
....##
#..............
.....##
#......)......
......##
#.l)...)....#
.......#
##@##.......#
........
#..###....##
........
##..###.###
........ ##..####
........ ##..##
.......# ##..#
.......# #..##
.......# ##..##
.......# ##..##


You could see an iguana.

Vanquished Creatures
  2 water moccasins
  A centaur (D:5)
  2 scorpions
  3 hounds
  6 adders
  4 gnolls (D:5)
  An ufetubus (D:5)
  2 worms
  4 orcs (D:5)
  4 bats
  2 endoplasms
  6 giant cockroaches
  4 goblins
  8 hobgoblins
  5 jackals (D:4)
  6 kobolds
  4 quokkas
  9 ball pythons
  9 rats
82 creatures vanquished.

Vanquished Creatures (others)
  An angel (D:4)
1 creature vanquished.

Grand Total: 83 creatures vanquished

Notes
Turn   | Place    | Note
-------+----------+-------------------------------------------
     0 | D:1      | Nonny the Merfolk Cinder Acolyte began the quest for the
                  | Orb.
     0 | D:1      | Reached XP level 1. HP: 18/18 MP: 2/2
    76 | D:1      | Starting vault: four plants, four ways
   354 | D:1      | Reached XP level 2. HP: 25/25 MP: 3/3
   357 | D:1      | Learned a level 2 spell: Scorch
  1133 | D:2      | Reached XP level 3. HP: 15/30 MP: 4/4
  1381 | D:2      | Found a sparkling altar of Nemelex Xobeh.
  1417 | D:2      | Reached skill level 5 in Polearms
  1419 | D:2      | Reached XP level 4. HP: 30/38 MP: 5/5
  1940 | D:1      | D:2 uphatch actually fairly viable for orbrun.
  2029 | D:3      | Found an ornate altar of the Wu Jian Council.
  2029 | D:3      | Found a basalt altar of Yredelemnul.
  2029 | D:3      | Found a glowing golden altar of the Shining One.
  2313 | D:3      | Found a sparkling altar of Nemelex Xobeh.
  2463 | D:4      | Noticed a scorpion
  2688 | D:4      | Noticed an angel
  2689 | D:4      | Found a glowing silver altar of Zin.
  2689 | D:4      | Found a shimmering altar of Xom.
  2717 | D:4      | Killed an angel
  3080 | D:4      | Reached skill level 6 in Polearms
  3080 | D:4      | Reached skill level 1 in Dodging
  3080 | D:4      | Reached XP level 5. HP: 25/43 MP: 6/6
  3089 | D:4      | Noticed a water moccasin
  3102 | D:4      | Killed a water moccasin
  3103 | D:4      | Reached skill level 5 in Fighting
  3103 | D:4      | Reached XP level 6. HP: 14/51 MP: 7/7
  3329 | D:4      | Found a staircase to the Ecumenical Temple.
  3336 | Temple   | Entered the Ecumenical Temple
  3379 | Temple   | Temple: triangle potato chip
  3506 | D:4      | Reached skill level 7 in Polearms
  3627 | D:4      | Found Raegroph's Tiny Tomes.
  3886 | D:5      | Entered Level 5 of the Dungeon
  4108 | D:5      | Reached skill level 1 in Shields
  4122 | D:5      | Reached XP level 7. HP: 15/57 MP: 8/8
  4303 | D:5      | Reached skill level 8 in Polearms
  4549 | D:5      | Mangled by an iguana

Illustrated notes ##.## #...# #...# #...# ##...## #####..P..##### ##.............## +.....P.<.P.....+ ### ##.......@.....# #... #####..P..########.## ##...##.......... #...#........... #...#......##.# #...#..##..##.# ##.##..##..##.# #'##..##..##[# ##.##..##..##.#####. Turn 76 on D:1: Starting vault: four plants, four ways

...................#########.##..
......##.#####.#...# #.##..
..##..##.# #.#...# #.##..
..##..##.# #.#...# #.##..
..##..##[# #.#...# #.##..
..##..##.#####.#...#########.....
..)..............................
.###..#..###.#.#...############..
................@.....# ##.
.###..#..###.#.#...##############
.###..#..###.#.#.................
.................................
.###..#..#####.#..##############.
.................................
.###.......###...................
.......###.###....##...######....
..................##...# #....


Turn 1940 on D:1: D:2 uphatch actually fairly viable for orbrun.
##....._......._..# ####.................# ##....._......._......#
#.....................# #.........._......._..# #.....................#
##.....8......._......# ####.................# ##.....@......._..#
####.............# ##.....8......# ####.........# ##........# ####.....# ##...##
##### Turn 3379 on Temple: Temple: triangle potato chip

Levels and vault maps discovered:
D:1:      evilmike_arrival_plus, layout_basic
D:2:      layout_basic, serial_corexii_hall, corexii_hall_statues_i,
          corexii_hall_statues_l, chequers_hall_statues_wall_a,
          chequers_hall_statues_y, chequers_hall_statues_wall_a,
          chequers_hall_statues_wall_a, basic_altar, minmay_shallow_snake_nest
D:3:      layout_rooms, gammafunk_temple_overflow_forgotten,
          nemelex_xobeh_ov_fountains_minmay
D:4:      layout_layer_cave, grunt_temple_overflow_order_and_chaos_1,
          minmay_temple_entry_wispy, nicolae_shop_i_like_small_books_too
D:5:      minmay_angry_zag, layout_cave_pods, biasface_ghost_orc_armoury
Temple:   nicolae_temple_ecumenical_triangle

Skill      XL: |  1  2  3  4  5  6  7 |
---------------+----------------------+-----
Fighting       | 4 5 6 |  6.0
Polearms       | 5 6 7 8 |  8.2
Dodging        | 1 2 3 |  3.5
Shields        | 1 |  1.7
Spellcasting   | |  1.0
Fire Magic     | |  2.1

Action                     |  1- 3 |  4- 6 |  7- 9 || total
---------------------------+-------+-------+-------++-------
  Melee: Spear             |    88 |   217 |    46 ||   351
   Cast: Scorch            |       |     1 |       ||     1
 Invoke: Fiery Armour      |     2 |       |       ||     2
    Use: Scroll            |       |    10 |     3 ||    13
         Potion            |       |     4 |     4 ||     8
 Armour: Leather armour    |    38 |     3 |       ||    41
         Ring mail         |       |    64 |    10 ||    74
         Skin              |       |       |     1 ||     1
  Dodge: Dodged            |    43 |    95 |    28 ||   166
  Block: Buckler           |       |    27 |     9 ||    36
